 Dungeon Crawl Stone Soup version 0.29-a0-234-g0dae59b3db (webtiles) character file.

Game seed: 14294103727071348090

3 Niddhogr the Conjurer (level 1, -3/13 HPs)
             Began as a Demonspawn Conjurer on Mar 1, 2022.
             Slain by a kobold
             ... wielding a +0 short sword
              (5 damage)
             ... on level 1 of the Dungeon.
             The game lasted 00:00:47 (74 turns).

Niddhogr the Conjurer (Demonspawn Conjurer)           Turns: 74, Time: 00:00:47

Health: -3/13      AC:  2    Str:  7    XL:     1   Next: 41%
Magic:  3/3        EV: 12    Int: 19    God:
Gold:   0          SH:  0    Dex: 11    Spells: 3/4 levels left

rFire   . . .      SeeInvis .   (no weapon)
rCold   . . .      Faith    .   (no shield)
rNeg    . . .      Spirit   .   a - +0 robe
rPois   .          Reflect  .   (no helmet)
rElec   .          Harm     .   (no cloak)
rCorr   .          Rampage  .   (no gloves)
Will    .....                   (no boots)
Stlth   ++........              (no amulet)
HPRegen 0.04/turn               (no ring)
MPRegen 0.08/turn               (no ring)

@: no status effects
A: no striking features
a: no special abilities


You were on level 1 of the Dungeon.
You visited 1 branch of the dungeon, and saw 1 of its levels.


   Skills:
 - Level 1.7 Dodging
 - Level 1.7 Stealth
 - Level 2.0 Spellcasting
 + Level 4.2 Conjurations


You had 3 spell levels left.
You knew the following spells:

 Your Spells              Type           Power      Damage    Failure   Level
m - Magic Dart            Conj           68%        1d6       3%          1

Your spell library contained the following spells:

 Spells                   Type           Power      Damage    Failure   Level
 Searing Ray              Conj           34%        2d5       4%          2
 Dazzling Flash           Conj/Hex       18%        N/A       22%         3
 Fulminant Prism          Conj/Hex       4%         3d6       56%         4
 Iskenderun's Mystic Bla  Conj/Tloc      9%         2d4       56%         4

Inventory:

Armour
 a - a +0 robe (worn)

Dungeon Overview and Level Annotations

Branches:
Dungeon (1/15)

Altars:

..# #.. .. #..
.### #.. ....#
#.. ..... #..
.....#
#..###...###
####.K@.g......
....l.K#.######
..##...KJ#
#.#.#g##
#.#.#..# #
####.# #.# #.#
#.####


You could see an endoplasm, a hobgoblin, a goblin, 2 kobolds and a frilled
lizard.


Message History

Confirm with . or Enter, or press ? or * to list all spells.
You don't have enough magic to cast this spell.
Casting: Magic Dart (safe; 3% risk of failure)
Confirm with . or Enter, or press ? or * to list all spells.
You don't have enough magic to cast this spell.
Unknown command.
You hit the giant cockroach but do no damage.
The giant cockroach bites you. 😕 HP[-1]
You take 1 damage, and now have 12/13 hp.
You hit the giant cockroach but do no damage.
The giant cockroach bites you.
An endoplasm comes into view. 😕 HP[-2]
You take 2 damage, and now have 10/13 hp.
You barely miss the giant cockroach.
The giant cockroach bites you but does no damage.
The endoplasm quivers.
You hit the giant cockroach but do no damage.
The giant cockroach barely misses you. x2
You closely miss the giant cockroach. The giant cockroach barely misses you.
You closely miss the giant cockroach. The giant cockroach barely misses you.
You hit the giant cockroach but do no damage.
The giant cockroach barely misses you.
You hit the giant cockroach but do no damage.
The giant cockroach barely misses you. The giant cockroach closely misses you.
You completely miss the giant cockroach.
The giant cockroach barely misses you. 😕 MP[+1]
You closely miss the giant cockroach.
The giant cockroach bites you but does no damage.
You hit the giant cockroach but do no damage.
The giant cockroach bites you but does no damage.
You hit the giant cockroach.
You kill the giant cockroach! 😕 HP[+1]
Casting: Magic Dart (safe; 3% risk of failure)
Confirm with . or Enter, or press ? or * to list all spells.
Aiming: Magic Dart (safe; 3% risk of failure)
Press: ? - help, Shift-Dir - straight line, f - kobold
Aim: a kobold, wielding a +0 dagger (100% to hit)
The magic dart hits the kobold.
You kill the kobold! 😕 MP[-1]
You lost 1 mp, and now have 0/3 mp.
You hit the ball python but do no damage.
The ball python barely misses you. The ball python grabs you.
The ball python constricts you. The ball python closely misses you.
The ball python constricts you. 😮 HP[-2]
You take 2 damage, and now have 9/13 hp.
You hit the ball python. The ball python bites you.
The ball python constricts you. 😮 HP[-2]
You take 2 damage, and now have 7/13 hp.
You hit the ball python. The ball python barely misses you.
The ball python constricts you.
* * * LOW HITPOINT WARNING * * *
😨 HP[-1]
You take 1 damage, and now have 6/13 hp.
You hit the ball python.
You kill the ball python!
You hit the endoplasm. The endoplasm hits you.
* * * LOW HITPOINT WARNING * * *
😱 HP[-3]
You take 3 damage, and now have 3/13 hp.
MASSIVE DAMAGE!! (PAUSE)
There is an open door here. 😱 MP[+1]
There is a staircase leading out of the dungeon here.
There is a staircase leading out of the dungeon here.
The endoplasm freezes you.
You are frozen.
* * * LOW HITPOINT WARNING * * *
There is a staircase leading out of the dungeon here. 😱 HP[-2]
You take 2 damage, and now have 1/13 hp. 😱 MP[+1]
There is an open door here. 😱 HP[+1]
Things that are here:
a +0 dagger; a ball python corpse; a kobold corpse 😱 MP[+1]
Your mp is fully restored (3).
A hobgoblin comes into view.
A frilled lizard and a kobold come into view.
The kobold shouts!
You hear a shout!
The kobold throws a stone.
The stone hits you.
* * * LOW HITPOINT WARNING * * *
A kobold comes into view. It is wielding a +0 short sword.
You hear a shout! 😱 HP[-1]
You take 1 damage, and now have 1/13 hp.
A kobold comes into view. It is wielding a +0 club.
A goblin comes into view. It is wielding a +0 club.
The kobold throws a stone.
The stone closely misses you. The goblin barely misses you.
The kobold barely misses you.
The kobold hits you with a +0 short sword.
You die...

Action                   || total
-------------------------++-------
Melee: Unarmed           ||    17
 Cast: Magic Dart        ||     4
Armor: Robe              ||     3
Dodge: Dodged            ||    14

Levels and vault maps discovered:
D:1:      dpeg_arrival_renting, layout_loops_ring, columned_hall_lemuel

Notes
Turn   | Place    | Note
-------+----------+-------------------------------------------
     0 | D:1      | Niddhogr the Demonspawn Conjurer began the quest for the
                  | Orb.
     0 | D:1      | Reached XP level 1. HP: 13/13 MP: 3/3
     0 | D:1      | magus.rc [v1.11.3]
    30 | D:1      | HP: 3/13 [endoplasm (3)]
    43 | D:1      | HP: 1/13 [frozen (2)]
    71 | D:1      | HP: 1/13 [kobold/stone (1)]
    74 | D:1      | Slain by a kobold

Vanquished Creatures
  A ball python (D:1)
  A giant cockroach (D:1)
  A kobold (D:1)
3 creatures vanquished.

Table legend:
 A = Non-vault XP
 B = Vault XP
 C = Vault XP percentage of total XP
 D = Non-vault monster count
 E = Vault monster count
 F = Vault count percentage of total count
                 A         B        C        D         E       F
            +---------+---------+-------+---------+---------+-------
      Total |       5 |       0 |   0.0 |       3 |       0 |   0.0
            +---------+---------+-------+---------+---------+-------
        D:1 |       5 |       0 |   0.0 |       3 |       0 |   0.0
            +---------+---------+-------+---------+---------+-------

Illustrated notes

Table legend:
 A = Kills in this place as a percentage of kills in entire the game.
 B = Kills by you in this place as a percentage of kills by you in the entire game.
 C = Kills by friends in this place as a percentage of kills by friends in the entire game.
 D = Other kills in this place as a percentage of other kills in the entire game.
 E = Experience gained in this place as a percentage of experience gained in the entire game.
 F = Experience gained in this place divided by the number of levels of this place that you have seen.
                   A       B       C       D       E      F
               +-------+-------+-------+-------+-------+----------------------
         Total | 100.0 | 100.0 |   N/A |   N/A | 100.0 |   5.0
       Dungeon | 100.0 | 100.0 |   N/A |   N/A | 100.0 |   5.0
               +-------+-------+-------+-------+-------+----------------------

Table legend: (Time is in decaauts)
 A = Elapsed time spent in this place.
 B = Non-inter-level travel time spent in this place.
 C = Inter-level travel time spent in this place.
 D = Time resting spent in this place.
 E = Time spent auto-exploring this place.
 F = Levels seen in this place.
 G = Mean time per level.
                   A        B        C        D        E       F      G
               +--------+--------+--------+--------+--------+-----+--------+
         Total |     74 |     74 |      0 |      0 |      8 |   1 |   74.0 |
       Dungeon |     74 |     74 |      0 |      0 |      8 |   1 |   74.0 |
               +--------+--------+--------+--------+--------+-----+--------+

Top non-repeatable levels by time:
     D:1: 74 daAuts
